 Dungeon Crawl Stone Soup version 0.30.1-11-g7821555f0a (webtiles) character file.

Game seed: 3343072233109046690

280197 bnorton916 the Necromancer (level 19, 0/105 HPs)
             Began as a Deep Elf Conjurer on Dec 8, 2023.
             Was an Initiate of Gozag.
             Slain by a death scarab (17 damage)
             ... created by the player character
             ... on level 4 of the Vaults on Dec 10, 2023.
             The game lasted 03:43:19 (97017 turns).

bnorton916 the Necromancer (Deep Elf Conjurer)     Turns: 97017, Time: 03:43:20

Health: 0/105      AC: 27    Str:  5    XL:     19   Next: 67%
Magic:  4/49       EV: 29    Int: 32    God:    Gozag
Gold:   3135       SH:  5    Dex: 17    Spells: 7/49 levels left

rFire   + . .        o - +9 trident of Past Mistakes {flame, rF+}
rCold   . . .        D - +0 buckler
rNeg    . . .        t - +3 leather armour "Zutumurch" {Fly rElec MP+9 SInv}
rPois   .            b - +2 helmet {Int+3}
rElec   +            J - +1 cloak
rCorr   .            l - +2 pair of gloves of the Onion {Will+}
SInv    +            i - +2 pair of boots
Will    +++..        n - amulet of the acrobat
Stlth   +++          d - +4 ring of protection
HPRegen 0.37/turn    V - +4 ring of protection
MPRegen 0.31/turn

%: acrobat
@: acrobatic, flying, studying 2 skills
A: agile 1, strong-willed 1
}: 2/15 runes: serpentine, barnacled
a: Renounce Religion, Potion Petition, Call Merchant, Bribe Branch


You were on level 4 of the Vaults.
You worshipped Gozag.
Gozag was most pleased with you.
You visited 7 branches of the dungeon, and saw 34 of its levels.
You also visited: Ice Cave.

You collected 13441 gold pieces.
You spent 7980 gold pieces at shops.
You paid 2326 gold pieces to Gozag.

Inventory:

Hand Weapons
 o - the +9 trident of Past Mistakes (weapon) {flame, rF+}
   (You found it on level 14 of the Dungeon)

   rF:        It protects you from fire.
 v - the +4 consecrated labrys {holy, Valiant Fragile Fly SInv}
   (You took it off a tengu reaver on level 1 of the Vaults)

   Valiant:   It becomes more powerful as more dangerous foes come into view.
   SInv:      It lets you see invisible.
   Fly:       It grants you flight.
   Fragile:   It will be destroyed if unequipped.
Armour
 b - a +2 helmet of intelligence (worn)
 g - the +0 pair of gloves "Imer" {rElec rN+}
   (You found it on level 13 of the Dungeon)

   rElec:     It insulates you from electricity.
   rN:        It protects you from negative energy.
 i - a +2 pair of boots (worn)
 l - the +2 pair of gloves of the Onion (worn) {Will+}
   (You found it on level 3 of the Snake Pit)

   Will:      It increases your willpower.
 r - the +3 kite shield "Ycveg" {rPois rF+ rN+ rCorr}
   (You took it off Donald on level 1 of the Vaults)

   rF:        It protects you from fire.
   rPois:     It protects you from poison.
   rN:        It protects you from negative energy.
   rCorr:     It protects you from acid and corrosion.
 t - the +3 leather armour "Zutumurch" (worn) {Fly rElec MP+9 SInv}
   (You found it on level 5 of the Lair of Beasts)

   rElec:     It insulates you from electricity.
   MP:        It affects your magic capacity (+9).
   SInv:      It lets you see invisible.
   Fly:       It grants you flight.
 y - the +0 pair of boots of Vlad {rPois Dex+2}
   (You found it on level 2 of the Shoals)

   Dex:       It affects your dexterity (+2).
   rPois:     It protects you from poison.
 C - the +3 ring mail of Anarchy {rElec Will+ Str+2}
   (You found it on level 5 of the Dungeon)

   Str:       It affects your strength (+2).
   rElec:     It insulates you from electricity.
   Will:      It increases your willpower.
 D - a +0 buckler (worn)
 J - a +1 cloak (worn)
Magical Staves
 L - a staff of fire
Jewellery
 d - a +4 ring of protection (left hand)
 n - an amulet of the acrobat (around neck)
 s - a ring of flight
 x - the amulet "Fubejir" {Reflect *Slow rElec Int+3 SH+5 SInv}
   (You took it off an ironbound convoker on level 1 of the Vaults)

   [amulet of reflection]

   It reflects blocked missile attacks.
   Int:       It affects your intelligence (+3).
   rElec:     It insulates you from electricity.
   SInv:      It lets you see invisible.
   *Slow:     It may slow you when you take damage.
   SH:        It affects your SH (+5).
 E - a ring of magical power
 S - the ring of the Elephant {Str+4 Dex+2 Slay+4}
   (You found it on level 2 of the Lair of Beasts)

   [ring of slaying]

   Str:       It affects your strength (+4).
   Dex:       It affects your dexterity (+2).
   Slay:      It affects your accuracy & damage with ranged weapons and melee
   (+4).
 U - an amulet of regeneration
 V - a +4 ring of protection (right hand)
Wands
 p - a wand of digging (11)
 u - a wand of iceblast (29)
 z - a wand of quicksilver (24)
 H - a wand of paralysis (8)
 N - a wand of flame (38)
 O - a wand of mindburst (30)
 R - a wand of polymorph (10)
Scrolls
 a - 5 scrolls of fear
 c - 8 scrolls of poison
 e - 15 scrolls of teleportation
 h - a scroll of magic mapping
 j - 4 scrolls of fog
 m - 2 scrolls of silence
 A - a scroll of enchant armour
 G - 2 scrolls of brand weapon
 I - 3 scrolls of blinking
 K - 10 scrolls of immolation
 Q - 2 scrolls of summoning
Potions
 f - 8 potions of lignification
 k - 4 potions of heal wounds
 q - 3 potions of might
 w - 9 potions of curing
 B - 4 potions of haste
 F - a potion of berserk rage
 M - 11 potions of brilliance
 P - a potion of attraction
 T - 2 potions of ambrosia
 W - 4 potions of resistance
 X - 4 potions of flight
Miscellaneous
 Z - a piece from Xom's chessboard (15/15)


   Skills:
 - Level 7.1 Fighting
 - Level 7.0 Armour
 - Level 7.0 Dodging
 - Level 7.2 Stealth
 - Level 4.0 Shields
 + Level 15.7 Spellcasting
 - Level 20.2 Conjurations
 - Level 4.0 Hexes
 - Level 16.8 Summonings
 + Level 20.4 Necromancy
 - Level 4.0 Translocations
 - Level 5.0 Ice Magic
 - Level 4.0 Air Magic
 + Level 10.7 Earth Magic
 - Level 14.0 Poison Magic


You had 7 spell levels left.
You knew the following spells:

 Your Spells              Type           Power      Damage    Failure   Level
a - Olgreb's Toxic Radia  Pois           86%        N/A       1%          4
c - Fulminant Prism       Conj/Hex       40%        3d19      1%          4
d - Iskenderun's Mystic   Conj/Tloc      80%        2d16      1%          4
e - Mephitic Cloud        Conj/Pois/Air  82%        N/A       1%          3
f - Freezing Cloud        Conj/Ice/Air   36%        6-21      2%          5
h - Haunt                 Necr/Summ      49%        N/A       1%          7
i - Orb of Destruction    Conj           50%        9d13      1%          7
j - Infestation           Necr           51%        N/A       6%          8

Your spell library contained the following spells:

 Spells                   Type           Power      Damage    Failure   Level
 Magic Dart               Conj           100%       1d8       0%          1
 Call Imp                 Summ           100%       N/A       0%          2
 Searing Ray              Conj           100%       2d8       0%          2
 Sublimation of Blood     Necr           100%       N/A       0%          2
 Call Canine Familiar     Summ           93%        N/A       0%          3
 Vampiric Draining        Necr           100%       2d13      0%          3
 Foxfire                  Conj/Fire      100%       2x1d9     1%          1
 Sandblast                Erth           100%       2d20      1%          1
 Shock                    Conj/Air       100%       1d9       1%          1
 Slow                     Hex            100%       N/A       1%          1
 Lesser Beckoning         Tloc           100%       N/A       1%          2
 Passwall                 Tmut/Erth      46%        N/A       1%          2
 Poisonous Vapours        Pois/Air       100%       N/A       1%          2
 Dazzling Flash           Conj/Hex       100%       N/A       1%          3
 Hailstorm                Conj/Ice       81%        3d16      1%          3
 Spider Form              Tmut/Pois      63%        N/A       1%          3
 Stone Arrow              Conj/Erth      100%       3d13      1%          3
 Summon Guardian Golem    Hex/Summ       75%        N/A       1%          3
 Animate Armour           Summ/Erth      100%       N/A       1%          4
 Flame Wave               Conj/Fire      74%        2d16      1%          4
 Agony                    Necr           100%       N/A       1%          5
 Fireball                 Conj/Fire      37%        3d15      1%          5
 Irradiate                Conj/Tmut      37%        3d24      1%          5
 Iskenderun's Battlesphe  Conj           100%       2d15      1%          5
 Summon Mana Viper        Hex/Summ       75%        N/A       1%          5
 Iron Shot                Conj/Erth      44%        9d9       1%          6
 Spellforged Servitor     Conj/Summ      48%        N/A       1%          7
 Confusing Touch          Hex            50%        N/A       2%          3
 Gell's Gravitas          Tloc           50%        N/A       2%          3
 Swiftness                Air            50%        N/A       2%          3
 Teleport Other           Tloc           50%        N/A       2%          3
 Monstrous Menagerie      Summ           46%        N/A       3%          7
 Beastly Appendage        Tmut           50%        N/A       4%          1
 Petrify                  Tmut/Erth      56%        N/A       4%          4
 Wereblood                Tmut           25%        N/A       7%          2
 Airstrike                Air            25%        2d(4-20)  9%          4
 Cause Fear               Hex            25%        N/A       9%          4
 Ice Form                 Ice/Tmut       41%        N/A       16%         4
 Blade Hands              Tmut           12%        N/A       77%         5
 Dragon Form              Tmut           12%        N/A       100%        7
 Storm Form               Tmut/Air       18%        N/A       100%        7
 Lehudib's Crystal Spear  Conj/Erth      44%        10d11     45%         8
 Dragon's Call            Summ           46%        N/A       99%         9
 Discord                  Hex            25%        N/A       100%        8
 Ignition                 Fire           12%        3d6       100%        8
 Animate Dead             Necr           Unusable   N/A       N/A         4
 Simulacrum               Ice/Necr       Unusable   N/A       N/A         6

Dungeon Overview and Level Annotations

Branches:
Dungeon (15/15)            Temple (1/1) D:4            Lair (5/5) D:11
 Shoals (4/4) Lair:3        Snake (4/4) Lair:2        Slime (0/5) Lair:5
    Orc (2/2) D:10            Elf (0/3) Orc:2        Vaults (2/5) D:14
 Depths (0/4) D:15          IceCv (visited)
  Crypt: Vaults:2-3

Altars:
Ashenzari
Cheibriados
Dithmenos
Elyvilon
Fedhas
Gozag
Hepliaklqana
Kikubaaqudgha
Makhleb
Nemelex Xobeh
Okawaru
Qazlal
Ru
Sif Muna
Trog
Uskayaw
Vehumet
Wu Jian
Xom
Yredelemnul
Zin
The Shining One

Shops:
D:5 *   D:12 !   D:14 (   Orc:1 ?   Orc:2 [(:=*   Lair:1 :::   Shoals:1 [
Snake:3 ::=

Portals:
Trove: D:15 (give +3 shadow dragon scales)


Innate Abilities, Weirdness & Mutations

You are agile. (Dex +4, Str/Int -1)
You are strong-willed. (Will+)


Message History

* * * LOW HITPOINT WARNING * * *
The death scarab drains your vigour!
You feel yourself slow down.
The death scarab draws strength from your injuries!
Unknown command.
Unknown command.
Press: ? - help, v - describe, . - travel
Here: a death scarab The floor.
Blink to where?
Press: ? - help, Dir - move target
As you read the scroll of blinking, it crumbles to dust.
Your magical contamination has completely faded away.
The death scarab misses you.
Casting: Iskenderun's Mystic Blast (safe; 1% risk of failure)
Confirm with . or Enter, or press ? or * to list all spells.
You don't have enough magic to cast this spell.
Unknown command.
You block the death scarab's attack.
Casting: Iskenderun's Mystic Blast (safe; 1% risk of failure)
Confirm with . or Enter, or press ? or * to list all spells.
You erupt in a blast of force!
The mystic blast hits the death scarab!!
The death scarab is severely damaged.
The death scarab is knocked back by the mystic blast.
Unknown command.
Unknown command.
Blink to where?
Press: ? - help, Dir - move target
As you read the scroll of blinking, it crumbles to dust.
You feel yourself speed up.
The death scarab waves its antennae.
Press: ? - help, v - describe, . - travel
Here: a death scarab (heavily damaged, ally target)
The floor.
Unknown command.
Unknown command.
The death scarab attacks as you move away!
The death scarab completely misses you. The death scarab bites you!
You die...
Your body crumbles into a pile of gold.

#.....###..# #....###...#
#...#'#....# #..###.....#
#.###......# ####### ####.......#
......# #........#
......#######'################+##
#######.........@B....B..ยง....u..
.#.#(##..........................
..8..##........############......
..8..##........# #....B.
.[8..##........# #......
..8..##........# #......
))8..##........# #......
.#.#.##........# #######
#######........#


You could see a death scarab (ally target) and a friendly death scarab.

Vanquished Creatures
  The ghost of Tang the Ruinous, an adept DrCj of Vehumet (Snake:3)
  2 quicksilver dragons (Snake:4)
  A sphinx (Vaults:1)
  The ghost of Cheops the Warrior, a journeyman OgGl of the Shining One (D:13)
  A tengu reaver (Vaults:1)
  5 nagarajas
  Donald (Vaults:1)
  Kirke (D:15)
  A frost giant (Vaults:1)
  A deep elf sorcerer (Vaults:1)
  A vault warden (Vaults:1)
  A war gargoyle (Vaults:2)
  2 ironbound preservers (Vaults:2)
  4 very ugly things
  3 ironbound thunderhulks
  3 dire elephants
  A deep elf annihilator (Vaults:1)
  5 merfolk javelineers (Shoals:4)
  An ettin (Orc:1)
  8 merfolk impalers
  A rakshasa (D:15)
  2 deep elf high priests (Vaults:1)
  3 great orbs of eyes
  4 yaktaur captains
  A fire dragon (Lair:5)
  15 hydras
  3 ogre magi
  4 salamander tyrants (Snake:4)
  10 vault guards
  A merfolk avatar (Shoals:4)
  8 anacondas
  2 ironbound frosthearts
  A two-headed ogre (D:10)
  5 merfolk aquamancers (Shoals:4)
  An alligator (Lair:3)
  2 boulder beetles
  2 satyrs
  8 centaur warriors
  3 tengu warriors
  The ghost of jpeg9000 the Skirmisher, a journeyman TeHu of Qazlal (D:9)
  5 death yaks (Lair:3)
  3 orc high priests (Orc:2)
  18 naga warriors
  6 naga sharpshooters
  8 shock serpents
  A deep elf knight (Snake:4)
  Nergalle (D:11)
  5 skysharks
  2 salamander mystics
  8 sea snakes
  6 skeletal warriors
  3 deep trolls (Vaults:2)
  A flayed ghost (D:13)
  A deep elf archer (Snake:4)
  3 naga ritualists (Snake:2)
  6 lindwurms
  5 harpies (Shoals:3)
  6 phantasmal warriors
  A wizard (Vaults:2)
  4 deep elf pyromancers
  2 ironbound convokers (Vaults:1)
  A necromancer (Vaults:1)
  6 orc sorcerers
  9 mana vipers
  7 orc knights
  16 salamanders
  6 oklob plants
  11 cyclopes
  12 fauns
  19 ugly things
  18 manticores
  2 ice statues (IceCv)
  4 guardian serpents
  6 merfolk sirens
  Maurice (D:9)
  29 black mambas
  8 water nymphs
  3 torpor snails
  15 naga magi
  4 gargoyles
  3 molten gargoyles (Lair:5)
  5 vault sentinels
  3 orange demons (D:12)
  13 cane toads
  10 komodo dragons
  4 rime drakes
  A kobold demonologist (D:14)
  8 yaktaurs
  A tengu conjurer (D:13)
  4 harpy zombies (Shoals:2)
  11 merfolk
  3 trolls
  A wolf spider simulacrum (D:15)
  3 polar bears
  3 meliai (D:13)
  11 wind drakes
  3 nameless horrors
  A hornet (Lair:3)
  A raiju (Snake:4)
  21 blink frogs
  4 snapping turtles
  17 dream sheep
  18 slime creatures
  Sigmund (D:6)
  6 air elementals (Shoals:4)
  A slime creature (shapeshifter) (Vaults:1)
  2 centaur simulacra (D:12)
  4 shadows
  4 wyverns
  A wraith (D:12)
  5 vampires
  17 water elementals
  36 yaks
  A dire elephant simulacrum (IceCv)
  5 basilisks
  3 hogs (D:15)
  A death yak simulacrum (IceCv)
  13 vampire mosquitoes
  2 steam dragons
  26 nagas
  2 wargs
  3 acid dragons
  21 water moccasins
  3 hell hounds (Lair:5)
  22 orc warriors
  3 sky beasts
  A manticore zombie (Shoals:2)
  6 ice beasts
  2 black bears
  9 ogres
  A tengu (shapeshifter) (D:15)
  18 centaurs
  9 wolves
  3 phantoms
  3 gnoll sergeants
  10 bullfrogs
  A water moccasin zombie (D:6)
  7 scorpions
  15 wights
  An elephant simulacrum (IceCv)
  18 killer bees
  3 electric eels
  8 howler monkeys
  5 lava snakes (Lair:5)
  3 bullfrog zombies (D:6)
  4 centaur zombies (D:6)
  A jelly (D:6)
  11 orc priests
  3 sleepcaps
  2 centaur skeletons (D:6)
  A gnoll bouda (D:7)
  2 hounds (D:5)
  2 bullfrog skeletons (D:6)
  Ijyb (D:4)
  5 iguanas (D:5)
  18 orc wizards
  9 hell rats (Lair:3)
  A wolf simulacrum (IceCv)
  A polar bear simulacrum (IceCv)
  16 gnolls
  17 adders
  A shadow imp (D:5)
  5 white imps
  2 ufetubi
  2 worms
  3 dart slugs
  67 orcs
  5 bats
  A bat zombie (Shoals:2)
  7 endoplasms
  4 giant cockroaches
  3 goblins
  5 hobgoblins
  4 jackals (D:2)
  8 quokkas
  8 ball pythons
  4 frilled lizards
  10 kobolds
  6 rats
  A butterfly (Lair:4)
  A fulminant prism (D:11)
1088 creatures vanquished.

Vanquished Creatures (collateral kills)
  A lich (Vaults:4)
  A storm dragon (Shoals:4)
  Ilsuiw (Shoals:2)
  An iron dragon (Vaults:1)
  A vault warden (Vaults:1)
  Aizul (Shoals:2)
  An ironbound thunderhulk (Vaults:4)
  3 very ugly things (Vaults:1)
  3 dire elephants (Vaults:1)
  A crystal guardian (Vaults:2)
  2 merfolk impalers (Shoals:3)
  A deep elf death mage (Vaults:1)
  2 yaktaur captains (Vaults:4)
  A great orb of eyes (Vaults:2)
  A peacekeeper (Vaults:2)
  2 merfolk aquamancers (Shoals:4)
  A centaur warrior (Shoals:3)
  2 satyrs
  2 sea snakes (Shoals:3)
  2 ironbound convokers (Vaults:2)
  4 fauns (Shoals:2)
  3 manticores
  4 merfolk sirens
  3 vault sentinels (Vaults:2)
  2 water nymphs
  7 merfolk
  3 wind drakes
  2 dream sheep
  2 snapping turtles
  A naga (Snake:3)
  A manticore zombie (Shoals:2)
  A boggart (Vaults:2)
63 creatures vanquished.

Vanquished Creatures (others)
  A black bear (D:5)
  3 killer bees (D:5)
  2 howler monkeys (D:5)
  A hound (D:5)
  An orc wizard (D:5)
  160 fulminant prisms
168 creatures vanquished.

Grand Total: 1319 creatures vanquished

Notes
Turn   | Place    | Note
-------+----------+-------------------------------------------
     0 | D:1      | bnorton916 the Deep Elf Conjurer began the quest for the
                  | Orb.
     0 | D:1      | Reached XP level 1. HP: 10/10 MP: 6/6
   393 | D:1      | Reached XP level 2. HP: 15/15 MP: 4/8
  1511 | D:3      | Learned a level 2 spell: Searing Ray
  1769 | D:3      | Reached skill level 5 in Conjurations
  1814 | D:3      | Reached XP level 3. HP: 19/19 MP: 4/10
  2581 | D:3      | Found a bloodstained altar of Trog.
  2646 | D:3      | Reached XP level 4. HP: 24/24 MP: 5/12
  2651 | D:3      | Learned a level 4 spell: Fulminant Prism
  2656 | D:3      | Learned a level 4 spell: Iskenderun's Mystic Blast
  3077 | D:2      | Reached skill level 1 in Hexes
  3619 | D:3      | Found a white marble altar of Elyvilon.
  4057 | D:4      | Reached skill level 1 in Translocations
  4177 | D:4      | Reached skill level 5 in Spellcasting
  4440 | D:4      | Reached XP level 5. HP: 28/28 MP: 12/14
  5065 | D:4      | Noticed Ijyb
  5071 | D:4      | Killed Ijyb
  5432 | D:4      | Found a staircase to the Ecumenical Temple.
  5441 | Temple   | Entered the Ecumenical Temple
  5449 | Temple   | Became a worshipper of Gozag Ym Sagoz the Greedy
  5608 | D:5      | Entered Level 5 of the Dungeon
  5719 | D:5      | Found Qiwnoqess's Assorted Antiques.
  5723 | D:5      | Bought a scroll labelled VUXIDU EVUM for 23 gold pieces
  5723 | D:5      | Bought a scroll labelled OGGULI TUCKOE for 23 gold pieces
  5723 | D:5      | Bought a fizzy inky potion for 20 gold pieces
  5723 | D:5      | Bought a puce potion for 20 gold pieces
  5801 | D:5      | Reached XP level 6. HP: 32/32 MP: 10/16
  5808 | D:5      | Identified the +3 ring mail of Anarchy {rElec Will+ Str+2}
  6154 | D:5      | Noticed a water moccasin
  6159 | D:5      | Killed a water moccasin
  6382 | D:5      | Reached XP level 7. HP: 36/36 MP: 8/18
  6921 | D:6      | Found an iron altar of Okawaru.
  7048 | D:6      | Noticed Sigmund
  7052 | D:6      | Killed Sigmund
  7120 | D:5      | Reached XP level 8. HP: 34/41 MP: 4/21
  7413 | D:5      | Found a basalt altar of Yredelemnul.
  7550 | D:5      | Found a shimmering altar of Xom.
  7981 | D:6      | Found a sparkling altar of Nemelex Xobeh.
  8740 | D:6      | Learned a level 3 spell: Mephitic Cloud
  8757 | D:6      | Reached skill level 10 in Spellcasting
  8887 | D:6      | Reached XP level 9. HP: 45/45 MP: 15/25
  9141 | D:5      | Reached skill level 10 in Conjurations
  9854 | D:6      | Reached skill level 1 in Air Magic
  9854 | D:6      | Reached skill level 1 in Poison Magic
 11452 | D:7      | Reached XP level 10. HP: 50/50 MP: 17/27
 12055 | D:7      | Found a broken altar of Ashenzari.
 12287 | D:7      | Learned a level 5 spell: Freezing Cloud
 12514 | D:8      | Reached skill level 1 in Ice Magic
 13803 | D:9      | Noticed jpeg9000's ghost (journeyman TeHu)
 13806 | D:9      | Found a runed translucent gate.
 13807 | D:9      | Found a runed translucent gate.
 13807 | D:9      | Found a runed translucent gate.
 14000 | D:9      | Found a glowing silver altar of Zin.
 14000 | D:9      | Found an ancient bone altar of Kikubaaqudgha.
 14146 | D:9      | Noticed Maurice
 14160 | D:9      | Killed Maurice
 14619 | D:9      | You fall into a shaft and drop 1 floor!
 14619 | D:10     | Entered Level 10 of the Dungeon
 15316 | D:10     | Reached skill level 5 in Ice Magic
 15316 | D:10     | Reached XP level 11. HP: 53/54 MP: 13/30
 16359 | D:10     | Found a staircase to the Orcish Mines.
 16617 | D:11     | Noticed a boulder beetle
 16637 | D:11     | Noticed a two-headed ogre
 17687 | D:10     | Killed a two-headed ogre
 17688 | D:10     | Reached skill level 1 in Fighting
 17688 | D:10     | Reached skill level 1 in Armour
 18234 | D:10     | Learned a level 2 spell: Poisonous Vapours
 18298 | D:11     | Killed a boulder beetle
 18308 | D:11     | Noticed Nergalle
 18693 | D:11     | Noticed a spectral orc warlord
 19363 | D:11     | Killed Nergalle
 19784 | D:11     | Noticed an oklob plant
 19807 | D:11     | Killed an oklob plant
 20272 | D:11     | Found a staircase to the Lair.
 20341 | Lair:1   | Entered Level 1 of the Lair of Beasts
 20839 | Lair:1   | Bought a manual of Necromancy for 1120 gold pieces
 20977 | Lair:1   | Reached skill level 1 in Necromancy
 22492 | Lair:2   | Noticed a five-headed hydra
 22524 | Lair:2   | Killed a five-headed hydra
 22525 | Lair:2   | Reached skill level 5 in Necromancy
 22525 | Lair:2   | Reached XP level 12. HP: 54/67 MP: 10/32
 23582 | Lair:2   | Reached skill level 5 in Fighting
 24418 | Lair:2   | Found a staircase to the Snake Pit.
 24536 | Lair:2   | Noticed a five-headed hydra
 24548 | Lair:2   | Killed a five-headed hydra
 24907 | Lair:2   | Identified the ring of the Elephant {Str+4 Dex+2 Slay+4}
 25651 | Lair:2   | Reached skill level 10 in Necromancy
 27671 | Lair:3   | Noticed an alligator
 27671 | Lair:3   | Noticed an eight-headed hydra
 27673 | Lair:3   | Killed an eight-headed hydra
 27674 | Lair:3   | Noticed a six-headed hydra
 27675 | Lair:3   | Killed an alligator
 27676 | Lair:3   | Reached skill level 5 in Armour
 27676 | Lair:3   | Killed a six-headed hydra
 28076 | Lair:3   | Noticed a death yak
 28076 | Lair:3   | Noticed a six-headed hydra
 28080 | Lair:3   | Killed a six-headed hydra
 28083 | Lair:3   | Reached XP level 13. HP: 67/74 MP: 11/33
 28686 | Lair:3   | Reached skill level 15 in Necromancy
 28934 | Lair:3   | Found a staircase to the Shoals.
 29718 | Lair:4   | Reached skill level 1 in Shields
 29960 | Lair:4   | Found the +1 robe of Vines {NoPotionHeal Regen++++}
 30539 | Lair:4   | Found a glowing silver altar of Zin.
 31071 | Lair:1   | Bought the Exposition on Helpful Ignition for 644 gold
                  | pieces
 31079 | Lair:1   | Learned a level 7 spell: Haunt
 31173 | Lair:4   | Reached skill level 1 in Summonings
 32233 | Lair:4   | Reached skill level 5 in Summonings
 32233 | Lair:4   | Reached XP level 14. HP: 82/82 MP: 34/34
 32239 | Lair:5   | Entered Level 5 of the Lair of Beasts
 32820 | Lair:5   | Identified the +3 leather armour "Zutumurch" {Fly rElec
                  | MP+9 SInv}
 33813 | Lair:5   | Found a staircase to the Slime Pits.
 34891 | Lair:5   | Reached XP level 15. HP: 81/86 MP: 18/35
 35364 | Lair:5   | Found a large runed translucent door.
 35366 | Lair:5   | Found a large runed translucent door.
 37918 | Lair:1   | Bought a manual of Poison Magic for 1120 gold pieces
 37978 | Orc:1    | Entered Level 1 of the Orcish Mines
 39176 | Orc:1    | Reached skill level 5 in Poison Magic
 39285 | Orc:1    | Found Usekkiy's Magic Scroll Boutique.
 39288 | Orc:1    | Bought a scroll of teleportation for 33 gold pieces
 39288 | Orc:1    | Bought a scroll of enchant armour for 82 gold pieces
 39288 | Orc:1    | Bought a scroll of fear for 44 gold pieces
 39492 | Orc:2    | Entered Level 2 of the Orcish Mines
 40186 | Orc:2    | Found Hiog Terunk's General Store.
 40189 | Orc:2    | Bought a scroll of enchant armour for 105 gold pieces
 40229 | Orc:2    | Found a staircase to the Elven Halls.
 41244 | Orc:2    | Reached skill level 15 in Conjurations
 42663 | Orc:2    | Found Pisitub's Book Emporium.
 42663 | Orc:2    | Found Bopant's Jewellery Shop.
 42693 | Orc:2    | Found Miucat's Weapon Shop.
 42693 | Orc:2    | Found Ixkoeh's Armour Emporium.
 42874 | D:9      | Killed jpeg9000's ghost
 43165 | Snake:1  | Entered Level 1 of the Snake Pit
 43501 | Snake:1  | Reached skill level 10 in Summonings
 44156 | Snake:1  | Gained mutation: You have a pair of small antennae on your
                  | head. [potion of mutation]
 44156 | Snake:1  | Gained mutation: Your spells are a little easier to cast,
                  | but a little less powerful. [potion of mutation]
 44157 | Snake:1  | Lost mutation: You have a pair of small antennae on your
                  | head. [potion of mutation]
 44157 | Snake:1  | Lost mutation: Your spells are a little easier to cast, but
                  | a little less powerful. [potion of mutation]
 44157 | Snake:1  | Gained mutation: You have sharp fingernails. [potion of
                  | mutation]
 44157 | Snake:1  | Gained mutation: You passively dampen the noise of your
                  | surroundings. [potion of mutation]
 44158 | Snake:1  | Lost mutation: You passively dampen the noise of your
                  | surroundings. [potion of mutation]
 44158 | Snake:1  | Lost mutation: You have sharp fingernails. [potion of
                  | mutation]
 44158 | Snake:1  | Gained mutation: You occasionally lose the ability to read
                  | scrolls when taking damage. [potion of mutation]
 44158 | Snake:1  | Gained mutation: You are resistant to electric shocks.
                  | (rElec) [potion of mutation]
 44159 | Snake:1  | Lost mutation: You occasionally lose the ability to read
                  | scrolls when taking damage. [potion of mutation]
 44159 | Snake:1  | Lost mutation: You are resistant to electric shocks.
                  | (rElec) [potion of mutation]
 44159 | Snake:1  | Gained mutation: Your mind is acute. (Int +4, Str/Dex -1)
                  | [potion of mutation]
 44159 | Snake:1  | Gained mutation: You passively dampen the noise of your
                  | surroundings. [potion of mutation]
 44159 | Snake:1  | Gained mutation: You have very sharp teeth. [potion of
                  | mutation]
 46930 | Snake:2  | Noticed a nagaraja
 46942 | Snake:2  | Killed a nagaraja
 48408 | D:12     | Reached skill level 10 in Poison Magic
 48946 | D:12     | Found a frozen archway.
 48958 | IceCv    | Entered an ice cave
 49325 | IceCv    | Found a transporter.
 49375 | IceCv    | Found a transporter.
 49592 | IceCv    | Identified the +2 ring mail of Greed {Str+3 Int+3}
 50644 | D:12     | Found Seapnale's Distillery.
 50658 | D:12     | Bought a potion of heal wounds for 80 gold pieces
 50658 | D:12     | Bought 2 potions of resistance for 320 gold pieces
 50658 | D:12     | Bought a potion of curing for 48 gold pieces
 50658 | D:12     | Bought a potion of curing for 48 gold pieces
 51729 | D:13     | Reached XP level 16. HP: 36/92 MP: 19/36
 52011 | D:13     | Found a runed translucent door.
 52012 | D:13     | Noticed Cheops's ghost (journeyman OgGl)
 52052 | D:13     | Identified the +8 chain mail "Vaerphur" {Str+3 Int+3 Dex+3
                  | Stlth+}
 54633 | D:12     | Bought 2 potions of flight for 96 gold pieces
 54811 | D:13     | Identified the +0 ice dragon scales "Arhouced" {Fly rF-
                  | rC++ SInv}
 56640 | D:13     | Identified the +0 pair of gloves "Imer" {rElec rN+}
 57040 | D:13     | Killed Cheops's ghost
 57629 | D:14     | Identified the +9 trident of Past Mistakes {flame, rF+}
 57892 | D:14     | Found Pumod's Weapon Emporium.
 60359 | Orc:2    | Bought a book of Dangerous Friends for 600 gold pieces
 60367 | Orc:2    | Learned a level 7 spell: Orb of Destruction
 60367 | Orc:2    | Bought the Discursus on the Damned for 510 gold pieces
 60376 | Orc:2    | Learned a level 8 spell: Infestation
 60890 | D:14     | Found a gate to the Vaults.
 61222 | D:15     | Entered Level 15 of the Dungeon
 62014 | D:15     | Noticed Kirke
 62022 | D:15     | Killed Kirke
 62470 | D:15     | Found a hazy altar of Hepliaklqana.
 62829 | D:15     | Found a portal to a secret trove of treasure.
 65655 | D:15     | Found a staircase to the Depths.
 66288 | Lair:1   | Bought a manual of Earth Magic for 1280 gold pieces
 66310 | Lair:1   | Lost mutation: You have very sharp teeth. [potion of
                  | mutation]
 66310 | Lair:1   | Lost mutation: Your mind is acute. (Int +4, Str/Dex -1)
                  | [potion of mutation]
 66310 | Lair:1   | Gained mutation: You are clumsy. (Dex -2) [potion of
                  | mutation]
 66310 | Lair:1   | Gained mutation: Your spells are a little harder to cast,
                  | but a little more powerful. [potion of mutation]
 66311 | Lair:1   | Lost mutation: You are clumsy. (Dex -2) [potion of
                  | mutation]
 66311 | Lair:1   | Lost mutation: You passively dampen the noise of your
                  | surroundings. [potion of mutation]
 66311 | Lair:1   | Gained mutation: You are strong-willed. (Will+) [potion of
                  | mutation]
 66311 | Lair:1   | Lost mutation: Your spells are a little harder to cast, but
                  | a little more powerful. [potion of mutation]
 66311 | Lair:1   | Gained mutation: You are agile. (Dex +4, Str/Int -1)
                  | [potion of mutation]
 67221 | Snake:1  | Reached XP level 17. HP: 41/96 MP: 0/37
 70610 | Snake:3  | Found a runed translucent gate.
 70610 | Snake:3  | Found a runed translucent gate.
 70610 | Snake:3  | Found a runed translucent gate.
 70613 | Snake:3  | Noticed Tang's ghost (adept DrCj)
 70652 | Snake:3  | Identified the +8 flail "Roaxkusk" {pain, Fragile rN++ SInv
                  | Stlth+}
 73203 | Snake:3  | Found Yhanih's Jewellery Shoppe.
 73204 | Snake:3  | Found Vugaese's Book Boutique.
 73204 | Snake:3  | Found Weer's Book Boutique.
 73705 | Snake:3  | Killed Tang's ghost
 73715 | Snake:3  | Got Sophisticated Hidden Knowledge
 73717 | Snake:3  | Identified the +2 pair of gloves of the Onion {Will+}
 73871 | Snake:4  | Entered Level 4 of the Snake Pit
 74330 | Snake:4  | Reached skill level 15 in Summonings
 75816 | Snake:4  | Got Waettot's Commentary on Assistive Teratogeny
 76570 | Snake:4  | HP: 4/96 [poisoned by a nagaraja (bolt of poison)]
 76782 | Snake:4  | Noticed a quicksilver dragon
 76789 | Snake:4  | Killed a quicksilver dragon
 77166 | Snake:4  | Noticed a quicksilver dragon
 77173 | Snake:4  | Killed a quicksilver dragon
 77174 | Snake:4  | Reached skill level 5 in Stealth
 77408 | Snake:4  | Got a serpentine rune of Zot
 78956 | Lair:1   | Bought a manual of Poison Magic for 1120 gold pieces
 79047 | Shoals:1 | Entered Level 1 of the Shoals
 79389 | Shoals:1 | Reached XP level 18. HP: 87/101 MP: 33/38
 80167 | Shoals:1 | Found Pann's Antique Armour Boutique.
 80933 | Shoals:2 | Noticed Aizul
 80940 | Shoals:2 | Killed Aizul
 81889 | Shoals:2 | Identified the +0 pair of boots of Vlad {rPois Dex+2}
 83266 | Shoals:3 | Noticed Ilsuiw
 85267 | Shoals:4 | Entered Level 4 of the Shoals
 85267 | Shoals:4 | Found a stormy altar of Qazlal.
 87012 | Shoals:4 | Paralysed by an air elemental for 1 turns
 87177 | Shoals:4 | Reached skill level 1 in Earth Magic
 88235 | Shoals:4 | Paralysed by an air elemental for 1 turns
 88237 | Shoals:4 | Reached skill level 5 in Earth Magic
 88980 | Shoals:4 | Got a barnacled rune of Zot
 89294 | Shoals:2 | Killed Ilsuiw
 89515 | Vaults:1 | Entered Level 1 of the Vaults
 89859 | Snake:3  | Bought the Unrestrained Analects for 644 gold pieces
 89867 | Snake:3  | Learned a level 4 spell: Olgreb's Toxic Radiance
 90220 | Vaults:1 | Reached XP level 19. HP: 102/105 MP: 9/39
 90623 | Vaults:1 | Identified the +3 kite shield "Ycveg" {rPois rF+ rN+ rCorr}
 90623 | Vaults:1 | Noticed Donald
 90631 | Vaults:1 | Killed Donald
 93963 | Vaults:1 | Reached skill level 5 in Dodging
 94499 | Vaults:1 | Identified the amulet "Fubejir" {Reflect *Slow rElec Int+3
                  | SH+5 SInv}
 94507 | Vaults:1 | Identified the +4 great sword of True Grit {flame, rF+
                  | Will++}
 94977 | Vaults:1 | Reached skill level 15 in Spellcasting
 95256 | Vaults:1 | Glimpsed the power of Zot.
 95363 | Vaults:1 | HP: 2/105 [yaktaur captain/bolt (14)]
 96359 | Vaults:2 | Reached skill level 10 in Earth Magic
 96635 | Vaults:2 | You are sucked into a shaft and drop 2 floors!
 97017 | Vaults:4 | Slain by a death scarab

Illustrated notes

Levels and vault maps discovered:
D:1:      erik_arrival_triangle_small, layout_basic
D:2:      layout_basic
D:3:      layout_basic, bloody_trog, mainiacjoe_overflow_brackets,
          minmay_circle_x
D:4:      layout_basic, minmay_temple_entry_gardened_gates, serial_corexii_hall,
          corexii_hall_statues_i, corexii_hall_statues_s, uniq_ijyb
D:5:      layout_loops_corners, xom_confusion_cloud, marbit_many_paths,
          serial_shops, nicolae_shop_peninsula
D:6:      layout_cave_pools, old_standard_altar, mainiacjoe_overflow_alcove_2,
          serial_undead, serial_undead_a, serial_undead_e, serial_undead_b,
          serial_undead_c, serial_undead_d, serial_undead_c, uniq_sigmund
D:7:      layout_cave_pools, ashenzari_altar_1, minmay_fractal_squares_5
D:8:      layout_basic, ebering_dispersal_statue_hall
D:9:      layout_irregular_city, gammafunk_temple_overflow_pools,
          gammafunk_ghost_split, uniq_maurice
D:10:     layout_cave_pools, david_orc_2
D:11:     layout_cross, dpeg_oklobed_lair, st_stairs_7, uniq_nergalle
D:12:     layout_grid_maze, serial_ice, serial_ice_g, serial_ice_m,
          serial_ice_b, serial_ice_a, serial_ice_l,
          portal_ice_cave_entry_pillars_2, serial_shops,
          nicolae_shop_industrial_runoff, einodemon_barbed_minivault
D:13:     wander_river, layout_long_grid, gauntlet_entry_generic,
          ebering_ghost_inner_flame, minmay_the_grid_2x2
          [minmay_the_grid_zigzag_pyramid, minmay_the_grid_spikes,
          minmay_the_grid_outer_circle, minmay_the_grid_prize_four_corners]
D:14:     layout_basic, grunt_vaults_entry_fortified, dk_noncrumbling_2,
          nicolae_take_the_stairs
D:15:     gammafunk_enter_depths_forms, layout_gridville,
          nicolae_trove_entry_columns, nicolae_hepliaklqana_hippocampus,
          uniq_kirke
Temple:   cyrus_circular_temple
Lair:1:   layout_hall_layers, lemuel_fruit_tree
Lair:2:   minmay_lair_oklob_tunnel, layout_chaotic_city,
          nicolae_snake_entry_squirm, wad_woods_river_02
Lair:3:   layout_regular_city, minmay_shoals_entry_centaurs,
          nicolae_lair_lakeside_cave
Lair:4:   layout_layer_cave, basic_altar, hellmonk_guarded_unrand_vines,
          lemuel_fruit_fields
Lair:5:   cheibrodos_lair_end_hotspot, layout_long_grid,
          dpeg_slime_entry_corner, grunt_forest_large_clearings
Shoals:1: layout_shoals, serial_shops,
          nicolae_shop_temple_entry_statues_fountains
Shoals:2: layout_shoals, nicolae_shoals_undead_eyrie, uniq_aizul
Shoals:3: layout_shoals, uniq_ilsuiw
Shoals:4: shoals_end_hellmonk_storm_palace [storm_palace_center_ruins,
          storm_palace_corner_narrow, storm_palace_corner_narrow,
          storm_palace_corner_altar, storm_palace_corner_narrow], serial_shops
Snake:1:  layout_layer_cave, nicolae_snake_double_loop, guppyfry_library_mini
Snake:2:  layout_layer_cave, nicolae_snake_ghostly_warrior_ritual
Snake:3:  layout_misc_corridors, gammafunk_ghost_split, grunt_megastairs_3,
          minmay_shop_grove
Snake:4:  hellmonk_snake_rune_quicksilver_temple, layout_chambers,
          beargit_elvish_explorers
Orc:1:    layout_diamond_mine, serial_shops, nicolae_shop_real_fake_doors
Orc:2:    grunt_orc_tribal_feast, layout_caves, serial_shops,
          nicolae_shop_tiny_real_fake_doors, basic_altar
Vaults:1: st_greater_box_4, nicolae_vaults_closet_pinwheel_6,
          nicolae_vaults_diamond_1, grunt_vaults_hallway_short,
          nicolae_vaults_diamond_2, hangedman_vaults_nails,
          ontoclasm_vaults_decontamination, layout_vaults_chaotic_city,
          uniq_donald
Vaults:2: nicolae_vaults_yaktaur_gun_rack, v_misc_33,
          ontoclasm_vaults_ring_small, vaults_standard_mumra_enter_the_diamond,
          nicolae_vaults_bisected_slash, v_misc_11,
          nicolae_vaults_more_shelving_1, nicolae_vaults_diamond_1, v_misc_4,
          layout_vaults_maze_snakey
Vaults:4: nicolae_vaults_storage_room_water, nicolae_vaults_network_quincunx
          [nicolae_vaults_network_quincunx_subvault,
          nicolae_vaults_network_quincunx_subvault,
          nicolae_vaults_network_quincunx_subvault,
          nicolae_vaults_network_quincunx_subvault,
          nicolae_vaults_network_quincunx_subvault],
          nicolae_vaults_offset_grid_hallway_3, grunt_vaults_diagonal,
          grunt_vaults_focal, hangedman_vaults_nails, v_misc_10,
          ontoclasm_vaults_pinch, vaults_mumra_minichess_inversion,
          ontoclasm_vaults_gallery, nicolae_vaults_closet_pinwheel_2,
          nicolae_vaults_house_3, nicolae_vaults_hexular_roomagon,
          dpeg_vaults_monster_box, nicolae_vaults_double_plus_1,
          nicolae_vaults_double_plus_1, nicolae_vaults_variable_pillar_hall,
          layout_vaults_omnibox, uniq_bai_suzhen

Skill      XL: |  1  2  3  4  5  6  7  8  9 10 11 12 13 14 15 16 17 18 19 |
---------------+----------------------------------------------------------+-----
Spellcasting   | 4 5 6 7 10 11 13 14 15 | 15.7
Conjurations   | 5 6 7 9 10 12 13 14 16 18 19 20 | 20.2
Hexes          | 1 2 3 4 |  4.0
Translocations | 1 2 3 4 |  4.0
Air Magic      | 3 4 |  4.0
Poison Magic   | 3 4 11 14 | 14.0
Ice Magic      | 5 |  5.0
Fighting       | 4 6 7 |  7.1
Armour         | 4 5 7 |  7.0
Necromancy     | 5 14 16 17 19 20 | 20.4
Shields        | 4 |  4.0
Summonings     | 5 7 11 13 15 16 | 16.8
Stealth        | 5 7 |  7.2
Earth Magic    | 6 10 | 10.7
Dodging        | 3 7 |  7.0

Action                     |  1- 3 |  4- 6 |  7- 9 | 10-12 | 13-15 | 16-18 | 19-21 || total
---------------------------+-------+-------+-------+-------+-------+-------+-------++-------
  Melee: Whip              |       |       |       |    16 |    20 |    16 |       ||    52
         Trident           |       |       |       |       |       |    87 |    40 ||   127
         Bite              |       |       |       |       |       |     5 |       ||     5
   Cast: Magic Dart        |    93 |    80 |   110 |   106 |    33 |    12 |       ||   434
         Searing Ray       |     5 |    21 |    51 |    47 |    33 |    30 |       ||   187
         Fulminant Prism   |       |       |    21 |    73 |    40 |    27 |       ||   161
         Iskenderun's Myst |       |       |    15 |    54 |   133 |   225 |    36 ||   463
         Freezing Cloud    |       |       |       |    56 |   185 |   221 |    25 ||   487
         Mephitic Cloud    |       |       |       |    14 |     1 |    10 |       ||    25
         Poisonous Vapours |       |       |       |    14 |       |    16 |       ||    30
         Orb of Destructio |       |       |       |       |       |   138 |    40 ||   178
         Haunt             |       |       |       |       |       |    39 |    15 ||    54
         Olgreb's Toxic Ra |       |       |       |       |       |       |    12 ||    12
         Infestation       |       |       |       |       |       |       |     6 ||     6
 Invoke: Call Merchant     |       |       |       |     1 |       |     2 |       ||     3
  Evoke: Wand              |       |       |     1 |     2 |    10 |     5 |       ||    18
    Use: Scroll            |       |     4 |     8 |     8 |    12 |    12 |     6 ||    50
         Potion            |       |       |       |       |     9 |     5 |     3 ||    17
   Stab: Confused          |       |       |       |       |       |     2 |       ||     2
         Distracted        |       |       |       |       |       |       |     2 ||     2
 Armour: Robe              |     3 |     2 |    14 |    25 |     1 |       |       ||    45
         Ring mail         |       |       |       |       |    56 |   233 |       ||   289
         Leather armour    |       |       |       |       |     3 |    60 |    39 ||   102
  Dodge: Dodged            |     8 |    14 |    83 |   109 |   129 |   415 |    76 ||   834
  Block: Buckler           |       |       |       |       |    16 |   121 |    28 ||   165
